details: 'korea korea korea korea korea korea'

« prev index next »

General information

Mini Map

Players

team 1
Random» Humannatedogg (orange | 23 APM | 36 actions | 01:35)

» actions
Build / train10
Enter build submenu4
Right click8
Select / deselect10
Use ability4
36 total
» units
Peasant10
10 total
» buildings
Farm2
Altar of Kings1
Barracks1
4 total
» build order
00:24 Farm
00:38 Altar of Kings
00:43 Farm
00:55 Barracks
NightElfTHUNDERBOY23 (green | 44 APM | 70 actions | 01:35)

» actions
Assign group hotkey5
Build / train10
Enter build submenu6
Right click18
Select / deselect25
Use ability6
70 total
» units
Wisp9
9 total
» buildings
Altar of Elders1
Moon Well2
Ancient of War1
4 total
» build order
00:07 Altar of Elders
00:13 Moon Well
01:20 Ancient of War
01:30 Moon Well
Random» NightElfsc2no.wc4yes (yellow | 42 APM | 67 actions | 01:36)

» actions
Assign group hotkey21
Build / train9
Enter build submenu4
Right click10
Select / deselect14
Select group hotkey3
Use ability6
67 total
» units
Wisp8
8 total
» buildings
Moon Well1
Altar of Elders1
Ancient of War2
4 total
» build order
00:08 Moon Well
00:11 Altar of Elders
01:27 Ancient of War
01:28 Ancient of War
Humanlag_ (red | 38 APM | 60 actions | 01:35)

» actions
Build / train8
Enter build submenu4
Right click28
Select / deselect16
Use ability4
60 total
» units
Peasant7
7 total
» buildings
Altar of Kings1
Farm2
Barracks1
4 total
» build order
00:11 Altar of Kings
00:22 Farm
00:38 Barracks
01:05 Farm
team 2
Random» OrcGutsup4 (purple | 25 APM | 26 actions | 01:01)

» actions
Build / train4
Enter build submenu3
Right click9
Select / deselect7
Use ability3
26 total
» units
Peon4
4 total
» buildings
Altar of Storms1
Orc Burrow1
War Mill1
3 total
» build order
00:18 Altar of Storms
00:25 Orc Burrow
00:58 War Mill
Random» Orc2thache (teal | 35 APM | 32 actions | 00:55)

» actions
Build / train4
Enter build submenu2
Right click6
Select / deselect18
Use ability2
32 total
» units
Peon4
4 total
» buildings
Altar of Storms1
Orc Burrow1
2 total
» build order
00:09 Altar of Storms
00:12 Orc Burrow
HumanLazyass2 (pink | 23 APM | 19 actions | 00:49)

» actions
Build / train4
Enter build submenu2
Right click4
Select / deselect7
Use ability2
19 total
» units
Peasant4
4 total
» buildings
Altar of Kings1
Farm1
2 total
» build order
00:22 Altar of Kings
00:36 Farm
UndeadEinheerjar (blue | 13 APM | 21 actions | 01:34)

» actions
Build / train2
Enter build submenu3
Right click5
Select / deselect8
Use ability3
21 total
» units
Acolyte2
2 total
» buildings
Altar of Darkness1
Ziggurat1
Crypt1
3 total
» build order
00:08 Altar of Darkness
00:12 Ziggurat
00:45 Crypt

Chat log

(00:19 / Allies) natedogg: hi
(00:26 / Allies) THUNDERBOY23: sup
(00:28 / Allies) THUNDERBOY23: anyone good
(00:30 / Allies) lag_: hi
(00:31 / Allies) sc2no.wc4yes: no
(00:34 / Allies) THUNDERBOY23: gay
(00:43 / All) sc2no.wc4yes: korea korea kroea korea korea kora korea
(00:49 / All) sc2no.wc4yes: korea korea korea korea korea korea korea
(00:52 / Allies) THUNDERBOY23: rush
(00:56 / All) sc2no.wc4yes: korea korea korea kroea kroea korea korea
(01:01 / All) sc2no.wc4yes: korea korea korea korea korea korea korea
(01:02 / All) Einheerjar: lol
(01:07 / All) sc2no.wc4yes: korea korea korea korea korea korea korea
(01:11 / All) Einheerjar: im gonna harass you
(01:13 / All) sc2no.wc4yes: korea korea korea korea korea korea kroea
(01:13 / All) natedogg: you guys are afraid
(01:15 / All) Einheerjar: making lots of buildings
(01:21 / All) Einheerjar: good luck fingind them
(01:24 / All) sc2no.wc4yes: korea korea korea korea korea korea kroea
(01:32 / All) sc2no.wc4yes: korea korea korea korea korea korea korea